 Dungeon Crawl Stone Soup version 0.29-a0-1052-g6990b1bffc (webtiles) character file.

Game seed: 3300729134754238467

182 gdask the Chopper (level 5, -3/75 HPs)
             Began as a Minotaur Berserker on Aug 17, 2022.
             Was a Believer of Trog.
             Slain by a gnoll
             ... wielding a +0 spear
             ... led by a gnoll bouda
              (9 damage)
             ... on level 4 of the Dungeon.
             The game lasted 00:03:55 (3042 turns).

gdask the Chopper (Minotaur Berserker)              Turns: 3042, Time: 00:03:55

Health: -3/75      AC:  3    Str: 24    XL:     5   Next: 34%
Magic:  4/4        EV: 11    Int:  4    God:    Trog [**....]
Gold:   99         SH:  0    Dex:  9    Spells: 4/4 levels left

rFire   . . .      SeeInvis .   p - +0 hand axe (vamp)
rCold   . . .      Faith    .   (no shield)
rNeg    . . .      Spirit   .   o - +0 leather armour
rPois   .          Reflect  .   (helmet restricted)
rElec   .          Harm     .   (no cloak)
rCorr   .          Rampage  .   (no gloves)
Will    .....                   (no boots)
Stlth   ..........              (no amulet)
HPRegen 0.22/turn               (no ring)
MPRegen 0.09/turn               (no ring)

@: berserking, very quick
A: horns 2, retaliatory headbutt
a: Renounce Religion, Berserk, Trog's Hand


You were on level 4 of the Dungeon.
You worshipped Trog.
Trog was pleased with you.
You visited 1 branch of the dungeon, and saw 4 of its levels.

You collected 99 gold pieces.

Inventory:

Hand Weapons
 a - a +0 hand axe
 p - a +0 vampiric hand axe (weapon)
Armour
 o - a +0 leather armour (worn)
Scrolls
 d - 2 scrolls of teleportation {unknown}
 e - 6 scrolls of identify {unknown}
 i - 2 scrolls of immolation {unknown}
 j - a scroll of silence {unknown}
 l - a scroll of fog {unknown}
 m - 2 scrolls of fear {unknown}
Potions
 b - 2 potions of heal wounds {unknown}
 c - 3 potions of mutation {unknown}
 f - a potion of lignification {unknown}
 g - 2 potions of curing {unknown}
 h - 2 potions of haste {unknown}
 k - 2 potions of flight {unknown}
 n - 2 potions of attraction {unknown}


   Skills:
 + Level 5.8 Fighting
 + Level 5.8 Axes
 - Level 2.4 Armour
 - Level 2.1 Dodging


You had 4 spell levels left.
You didn't know any spells.
Your spell library was empty.

Dungeon Overview and Level Annotations

Branches:
Dungeon (4/15)
 Temple: D:4-7

Altars:
Fedhas
Vehumet


Innate Abilities, Weirdness & Mutations

You have a pair of horns on your head.
You reflexively headbutt those who attack you in melee.


Message History

A gnoll comes into view. It is wielding a +0 club.
The gnoll bouda barks out a call to the hunt!
The gnolls pick up the pace!
The gnoll shouts! x2
The gnoll hits you with a +0 club.
You barely miss the gnoll. The gnoll barely misses you. x2
You hit the gnoll but do no damage. You headbutt the gnoll!
The gnoll is heavily wounded.
The gnoll hits you from afar with a +0 spear.
The gnoll misses you.
The gnoll hits you from afar with a +0 spear.
You barely miss the gnoll. You headbutt the gnoll. Your punch misses the gnoll.
The gnoll is severely wounded.
The gnoll hits you from afar with a +0 spear.
The gnoll hits you with a +0 club!
The gnoll hits you from afar with a +0 spear.
A red film seems to cover your vision as you go berserk!
You feel yourself moving faster!
You feel mighty!
The gnoll hits you from afar with a +0 spear.
* * * LOW HITPOINT WARNING * * *
The gnoll barely misses you.
You barely miss the gnoll.
The gnoll is severely wounded.
The gnoll hits you from afar with a +0 spear.
* * * LOW HITPOINT WARNING * * *
You hit the gnoll.
You feel better.
The gnoll is almost dead.
You closely miss the gnoll. You headbutt the gnoll.
You kill the gnoll!
Trog accepts your kill.
The gnoll hits you from afar with a +0 spear!
* * * LOW HITPOINT WARNING * * *
The gnoll hits you but does no damage.
Things that are here:
a +0 club; a gnoll corpse You barely miss the gnoll.
You slash the gnoll bouda! You slash the gnoll!
The gnoll hits you with a +0 spear!
* * * LOW HITPOINT WARNING * * *
The gnoll hits you with a +0 spear!
You die...

.... .#.#.....#
.....#. .# .#......#
......## ..##.......#
........ ...........#
........ ...........#
......# ...##.......#
.....# # ..##.#.g....#
....#.#.#..#.#.#gg...#
....##.#....#.##@g...#
...#.##......##.#$...#
..#.#..........#.#...#
.÷##............##...#
.#................#..#
.....................#
#.#...............##.#
..#####..†...........#
.## #..........#####


You could see a gnoll bouda and 3 gnolls.

Vanquished Creatures
  2 hounds (D:4)
  An iguana (D:4)
  3 adders (D:2)
  A gnoll (D:4)
  2 dart slugs (D:1)
  2 orcs
  4 bats
  4 endoplasms
  A giant cockroach (D:2)
  4 goblins
  5 hobgoblins
  3 jackals (D:1)
  6 kobolds
  5 quokkas
  4 ball pythons
  2 frilled lizards
  2 rats (D:1)
51 creatures vanquished.

Notes
Turn   | Place    | Note
-------+----------+-------------------------------------------
     0 | D:1      | gdask the Minotaur Berserker began the quest for the Orb.
     0 | D:1      | Reached XP level 1. HP: 19/19 MP: 0/0
   543 | D:1      | Reached XP level 2. HP: 21/27 MP: 1/1
  1184 | D:1      | You fall into a shaft and drop 1 floor!
  1230 | D:2      | Reached XP level 3. HP: 31/34 MP: 2/2
  1342 | D:2      | Reached ** piety under Trog
  1804 | D:2      | Reached XP level 4. HP: 41/41 MP: 3/3
  2286 | D:3      | Found a radiant altar of Vehumet.
  2336 | D:3      | Reached skill level 5 in Fighting
  2336 | D:3      | Reached skill level 5 in Axes
  2578 | D:3      | Found a blossoming altar of Fedhas.
  2737 | D:4      | Reached XP level 5. HP: 35/48 MP: 4/4
  3042 | D:4      | Slain by a gnoll

Illustrated notes

Levels and vault maps discovered:
D:1:      nicolae_arrival_memento_mori, layout_loops_cross, serial_shops,
          nicolae_lakefront_shop, minmay_pentomino_q2
D:2:      layout_basic, amcnicky_mini_pool_small
D:3:      layout_rooms, mainiacjoe_overflow_alcove_2,
          mainiacjoe_overflow_tiny_flanked
D:4:      layout_rooms, minmay_misc_feat_secret_circle

Skill      XL: |  1  2  3  4 |
---------------+-------------+-----
Fighting       | 4 5 |  5.8
Axes           | 4 5 |  5.8
Armour         | |  2.4
Dodging        | |  2.1

Action                   |  1- 3 |  4- 6 || total
-------------------------+-------+-------++-------
Melee: Hand axe          |    74 |    42 ||   116
       Headbutt          |    13 |    10 ||    23
Invok: Berserk           |       |     2 ||     2
 Stab: Sleeping          |     1 |       ||     1
Armor: Animal skin       |    14 |     2 ||    16
       Leather armour    |       |     9 ||     9
Dodge: Dodged            |    47 |    25 ||    72

Table legend: (Time is in decaauts)
 A = Elapsed time spent in this place.
 B = Non-inter-level travel time spent in this place.
 C = Inter-level travel time spent in this place.
 D = Time resting spent in this place.
 E = Time spent auto-exploring this place.
 F = Levels seen in this place.
 G = Mean time per level.
                   A        B        C        D        E       F      G
               +--------+--------+--------+--------+--------+-----+--------+
         Total |   3061 |   2975 |     86 |    709 |   1949 |   4 |  765.2 |
       Dungeon |   3061 |   2975 |     86 |    709 |   1949 |   4 |  765.2 |
               +--------+--------+--------+--------+--------+-----+--------+

Top non-repeatable levels by time:
     D:1: 1188 daAuts
     D:2: 1084 daAuts
     D:3: 441 daAuts
     D:4: 347 daAuts
